 Dungeon Crawl Stone Soup version 0.29.0-4-gdea44cf6ec (webtiles) character file.

Game seed: 18437597450512853205

1550 qw the Cleaver (level 8, -6/48 HPs)
             Began as a Tengu Warper on Aug 28, 2022.
             Succumbed to a killer bee's poison
             ... on level 7 of the Dungeon.
             The game lasted 00:00:54 (8544 turns).

qw the Cleaver (Tengu Warper)                       Turns: 8544, Time: 00:00:55

Health: -6/48      AC: 14    Str: 15    XL:     8   Next: 88%
Magic:  1/12       EV:  6    Int: 13    God:
Gold:   379        SH:  0    Dex: 13    Spells: 11/11 levels left

rFire   . . .      SeeInvis .   Y - +1 broad axe
rCold   . . .      Faith    .   (no shield)
rNeg    . . .      Spirit   +   d - +0 plate armour
rPois   .          Reflect  .   (helmet restricted)
rElec   .          Harm     .   f - +1 cloak
rCorr   +          Rampage  .   (no gloves)
Will    .....                   (boots unavailable)
Stlth   ..........              c - amulet of guardian spirit
HPRegen 0.16/turn               n - ring of resist corrosion
MPRegen 0.13/turn               (no ring)

@: lethally poisoned (-6 -> -35), about to teleport, flying quickly and
evasively, quick
A: beak, talons 3, nimble flight
a: no special abilities


You were on level 7 of the Dungeon.
You visited 2 branches of the dungeon, and saw 8 of its levels.

You collected 379 gold pieces.


Innate Abilities, Weirdness & Mutations

You have a beak for a mouth.
You have claws for feet.
Your magical nature lets you fly swiftly and evasively.


   Skills:
 + Level 4.0 Fighting
 - Level 10.2 Axes
 - Level 1.0 Throwing
 - Level 5.0 Armour
 - Level 2.1 Dodging
 - Level 2.0 Spellcasting
 - Level 2.4 Translocations


You had 11 spell levels left.
You didn't know any spells.
Your spell library contained the following spells:

 Spells                   Type           Power      Damage    Failure   Level
 Blink                    Tloc           14%        N/A       100%        2
 Gell's Gravitas          Tloc           7%         N/A       100%        3
 Lesser Beckoning         Tloc           7%         N/A       100%        3
 Teleport Other           Tloc           7%         N/A       100%        3
 Manifold Assault         Tloc           7%         N/A       100%        5

Inventory:

Hand Weapons
 a - a +0 flail
 Y - a +1 broad axe (weapon)
Armour
 d - a +0 plate armour (worn)
 f - a +1 cloak (worn)
Jewellery
 c - an amulet of guardian spirit (around neck)
 l - a +6 ring of intelligence
 n - a ring of resist corrosion (left hand)
Scrolls
 j - 3 scrolls of teleportation
 m - 2 scrolls of identify
Potions
 b - a potion of might
 e - 5 potions of curing
 g - a potion of resistance {unknown}
 h - a potion of cancellation {unknown}
 i - 2 potions of ambrosia {unknown}
 k - a potion of mutation {unknown}

Dungeon Overview and Level Annotations

Branches:
Dungeon (7/15)             Temple (1/1) D:7

Altars:
Ashenzari
Cheibriados
Dithmenos
Elyvilon
Fedhas
Gozag
Hepliaklqana
Kikubaaqudgha
Makhleb
Nemelex Xobeh
Qazlal
Sif Muna
Trog
Uskayaw
Vehumet
Wu Jian
Xom
Yredelemnul
Zin
The Shining One

Shops:
D:2 (

Portals:
Bailey: D:7

Annotations:
D:2 1 runed translucent door, Crazy Yiuf


Message History

You feel sick. The killer bee closely misses you.
The killer bee barely misses you. The killer bee closely misses you.
The killer bee stings you but does no damage.
The killer bee stings you.
You are more poisoned.
The killer bee poisons you! The killer bee stings you.
You are lethally poisoned!
The killer bee poisons you!
You miss the killer bee.
The killer bee is severely wounded.
You hit the killer bee. x2
You feel extremely sick. The killer bee barely misses you.
The killer bee stings you but does no damage. x4
The killer bee barely misses you.
You miss the killer bee. Your kick misses the killer bee.
The killer bee is severely wounded.
You barely miss the killer bee.
You hit the killer bee but do no damage.
You feel very sick.
The killer bee stings you but does no damage. x2
The killer bee stings you. x2
You are more poisoned.
The killer bee poisons you! The killer bee barely misses you.
The killer bee stings you but does no damage.
8543 ||| READING 4 scrolls of teleportation.
As you read the scroll of teleportation, it crumbles to dust.
You feel strangely unstable.
You feel very sick.
The killer bee stings you but does no damage.
The killer bee stings you.
You are more poisoned.
The killer bee poisons you! The killer bee stings you. x2
You are more poisoned.
The killer bee poisons you!
The killer bee stings you but does no damage. x2
You miss the killer bee. You claw the killer bee.
You kill the killer bee!
You barely miss the killer bee. You miss the killer bee.
You die...

###...##8.>.8#
#............#
##.#...#.#.8.##
##......#.#...#
##...#.......###
..####..>....^..#.###
................."#
#.....#.#####.#.#
#.#@..#>......#.#
#y%yy....######.#
#y#...##.# #.#
#.#...##.# #.#
......##.# #..
..#.###.##.# ### #$#.
#..... # . #..... ##
...>..


You could see 4 killer bees.

Vanquished Creatures
  An ice beast (D:6)
  A black bear (D:6)
  3 ogres
  A phantom (D:5)
  A bullfrog (D:6)
  2 necrophages (D:4)
  4 scorpions
  A killer bee (D:7)
  2 orc priests
  A gnoll bouda (D:4)
  4 hounds
  An iguana (D:4)
  3 orc wizards
  Robin (D:2)
  9 gnolls
  6 adders
  A white imp (D:5)
  2 ufetubi
  A worm (D:3)
  17 orcs
  10 bats
  5 endoplasms
  8 giant cockroaches
  23 goblins
  14 hobgoblins
  6 jackals
  6 quokkas (D:6)
  6 ball pythons
  3 frilled lizards
  9 kobolds
  5 rats
157 creatures vanquished.

Vanquished Creatures (others)
  7 plants (D:2)
7 creatures vanquished.

Grand Total: 164 creatures vanquished

Notes
Turn   | Place    | Note
-------+----------+-------------------------------------------
     0 | D:1      | qw the Tengu Warper began the quest for the Orb.
     0 | D:1      | Reached XP level 1. HP: 12/12 MP: 4/4
     0 | D:1      | 0 ||| qw: Version: 0.1-a-89-g26bdef1
     0 | D:1      | 0 ||| qw: Game counter: 3322
     0 | D:1      | 0 ||| qw: Always use a shield: true
     0 | D:1      | 0 ||| qw: God list: Okawaru
     0 | D:1      | 0 ||| qw: Allow faded altars: false
     0 | D:1      | 0 ||| qw: Do Orc after D:15 true
     0 | D:1      | 0 ||| qw: Do second Lair branch before Depths: true
     0 | D:1      | 0 ||| qw: Lair rune preference: random
     0 | D:1      | 0 ||| qw: Plans: Normal
     0 | D:1      | 0 ||| PLANNING D:1-11
    68 | D:1      | 68 ||| Stepping ~*~*~tactically~*~*~ (stealth).
    69 | D:1      | 69 ||| Stepping ~*~*~tactically~*~*~ (stealth).
    72 | D:1      | 72 ||| Stepping ~*~*~tactically~*~*~ (stealth).
    73 | D:1      | 73 ||| Stepping ~*~*~tactically~*~*~ (stealth).
    75 | D:1      | 75 ||| Stepping ~*~*~tactically~*~*~ (stealth).
   336 | D:1      | Reached skill level 3 in Axes
   336 | D:1      | Reached XP level 2. HP: 17/17 MP: 6/6
   703 | D:1      | 703 ||| Stepping ~*~*~tactically~*~*~ (stealth).
  1076 | D:1      | Reached XP level 3. HP: 19/21 MP: 7/7
  1299 | D:1      | 1299 ||| UPGRADING to +0 cloak.
  1304 | D:1      | 1304 ||| UPGRADING to ring of resist corrosion.
  1305 | D:1      | 1305 ||| READING 2 scrolls labelled XINAMM POEGIWN.
  1406 | D:1      | 1406 ||| READING 2 scrolls labelled IGOSMAGE TIVUSK.
  1407 | D:1      | 1407 ||| READING 2 scrolls labelled INWUEM UBLYIPS.
  1410 | D:1      | 1410 ||| READING 2 scrolls labelled IDOFFA QOUD.
  1411 | D:1      | 1411 ||| READING scroll labelled HUTWOJ JEA.
  1412 | D:1      | 1412 ||| READING scroll labelled LOROSUF DYUHA.
  1413 | D:1      | 1413 ||| READING scroll labelled XAH XEESAZXAW.
  1414 | D:1      | 1414 ||| DROPPING scroll of silence.
  1415 | D:1      | 1415 ||| DROPPING scroll of blinking.
  1416 | D:1      | 1416 ||| DROPPING scroll of poison.
  1417 | D:1      | 1417 ||| DROPPING scroll of fear.
  1462 | D:2      | Found Uppi's Antique Weapon Emporium.
  1464 | D:2      | 1464 ||| STAIRDANCE
  1571 | D:2      | 1571 ||| SHOPLISTING flail (66 gold, have 41).
  1571 | D:2      | 1571 ||| SHOPLISTING glowing mace (114 gold, have 41).
  1709 | D:2      | 1709 ||| Stepping ~*~*~tactically~*~*~ (stealth).
  1715 | D:2      | Reached skill level 4 in Axes
  1753 | D:2      | 1753 ||| Stepping ~*~*~tactically~*~*~ (hiding).
  1768 | D:2      | Reached XP level 4. HP: 14/26 MP: 8/8
  1967 | D:2      | Found a runed translucent door.
  1968 | D:2      | Noticed Crazy Yiuf
  2036 | D:2      | 2036 ||| SWAPPING to +0 broad axe.
  2037 | D:2      | 2037 ||| DROPPING +0 hand axe.
  2153 | D:2      | Noticed Robin
  2154 | D:2      | 2154 ||| Stepping ~*~*~tactically~*~*~ (water).
  2164 | D:2      | Reached skill level 5 in Axes
  2165 | D:2      | Killed Robin
  2256 | D:2      | 2256 ||| FLEEEEING.
  2257 | D:2      | 2257 ||| FLEEEEING.
  2836 | D:2      | 2836 ||| UPGRADING to +0 chain mail.
  2846 | D:2      | 2846 ||| DROPPING +0 leather armour.
  2847 | D:2      | 2847 ||| DROPPING ring of wizardry.
  2848 | D:2      | 2848 ||| READING scroll labelled MONECH NIPS.
  2849 | D:2      | 2849 ||| READING scroll labelled DOGOPU FEIHA.
  2850 | D:2      | 2850 ||| DRINKING 3 coppery potions.
  2923 | D:3      | Found a faded altar of an unknown god.
  2972 | D:3      | 2972 ||| DROPPING +0 whip.
  3189 | D:3      | Gained mutation: Your magical nature lets you fly swiftly
                  | and evasively. [Tengu growth]
  3189 | D:3      | Reached XP level 5. HP: 11/30 MP: 9/9
  3541 | D:3      | 3541 ||| Stepping ~*~*~tactically~*~*~ (stealth).
  3959 | D:3      | 3959 ||| READING scroll labelled ENEEFA ZIDY.
  3960 | D:3      | 3960 ||| DRINKING 2 fuming golden potions.
  3961 | D:3      | 3961 ||| DROPPING potion of invisibility.
  3980 | D:4      | 3980 ||| Stepping ~*~*~tactically~*~*~ (stealth).
  3982 | D:4      | 3982 ||| Stepping ~*~*~tactically~*~*~ (stealth).
  3990 | D:4      | Reached skill level 6 in Axes
  3992 | D:4      | 3992 ||| Stepping ~*~*~tactically~*~*~ (stealth).
  3995 | D:4      | 3995 ||| Stepping ~*~*~tactically~*~*~ (stealth).
  4007 | D:4      | Found a glowing golden altar of the Shining One.
  4117 | D:4      | 4117 ||| Stepping ~*~*~tactically~*~*~ (stealth).
  4118 | D:4      | 4118 ||| Stepping ~*~*~tactically~*~*~ (stealth).
  4128 | D:4      | Reached XP level 6. HP: 35/35 MP: 10/10
  4235 | D:4      | Reached skill level 7 in Axes
  4320 | D:4      | 4320 ||| Stepping ~*~*~tactically~*~*~ (hiding).
  4451 | D:4      | Identified the +6 long sword "Bifiem" {freeze, rElec Int+3}
  4823 | D:4      | Reached skill level 3 in Fighting
  4904 | D:4      | Reached XP level 7. HP: 41/41 MP: 11/11
  5107 | D:4      | Identified the +1 robe of Gecviake {Slay+4}
  5301 | D:4      | 5301 ||| READING scroll of enchant armour.
  5301 | D:4      | 5301 ||| ENCHANTING +0 cloak.
  5360 | D:4      | 5360 ||| READING scroll labelled WIOBAC VERARUD.
  5361 | D:4      | 5361 ||| DRINKING 2 sedimented amethyst potions.
  5392 | D:5      | Entered Level 5 of the Dungeon
  5408 | D:5      | Reached skill level 8 in Axes
  5434 | D:5      | Found a shadowy altar of Dithmenos.
  5444 | D:5      | Reached skill level 3 in Armour
  5547 | D:5      | 5547 ||| Stepping ~*~*~tactically~*~*~ (stealth).
  5628 | D:5      | Reached XP level 8. HP: 18/46 MP: 12/12
  5988 | D:5      | Found a hide-covered altar of Uskayaw.
  5991 | D:5      | Found a burning altar of Makhleb.
  6666 | D:5      | 6666 ||| UPGRADING to +0 plate armour.
  6676 | D:5      | 6676 ||| DROPPING +0 chain mail.
  6677 | D:5      | 6677 ||| DRINKING 2 viscous silvery potions.
  6678 | D:5      | 6678 ||| READING 3 scrolls of identify.
  6678 | D:5      | 6678 ||| IDENTIFYING sapphire potion
  6679 | D:5      | 6679 ||| READING 2 scrolls of identify.
  6679 | D:5      | 6679 ||| IDENTIFYING glowing puce potion
  6680 | D:5      | 6680 ||| DROPPING potion of magic.
  6681 | D:5      | 6681 ||| DROPPING potion of degeneration.
  6710 | D:6      | 6710 ||| PLANNING SEWER
  6744 | D:6      | Reached skill level 9 in Axes
  6944 | D:6      | 6944 ||| Stepping ~*~*~tactically~*~*~ (stealth).
  6946 | D:6      | 6946 ||| Stepping ~*~*~tactically~*~*~ (stealth).
  6955 | D:6      | 6955 ||| Stepping ~*~*~tactically~*~*~ (stealth).
  6956 | D:6      | 6956 ||| Stepping ~*~*~tactically~*~*~ (stealth).
  7403 | D:6      | Found the +8 trident of the Octopus King {venom, rElec
                  | rPois}
  7442 | D:6      | 7442 ||| RIP SEWER
  7634 | D:6      | 7634 ||| PLANNING D:1-11
  7676 | D:6      | 7676 ||| Stepping ~*~*~tactically~*~*~ (stealth).
  7693 | D:6      | 7693 ||| Stepping ~*~*~tactically~*~*~ (stealth).
  7705 | D:6      | HP: 10/48 [ice beast (12)]
  7706 | D:6      | 7706 ||| READING 5 scrolls of teleportation.
  7707 | D:6      | 7707 ||| DRINKING potion of heal wounds.
  7710 | D:6      | Reached skill level 10 in Axes
  7990 | D:6      | Found a hazy altar of Hepliaklqana.
  8162 | D:6      | 8162 ||| UPGRADING to amulet of guardian spirit.
  8187 | D:7      | Found a blossoming altar of Fedhas.
  8232 | D:7      | Found a staircase to the Ecumenical Temple.
  8233 | D:7      | 8233 ||| PLANNING TEMPLE
  8237 | D:7      | Found a flagged portal.
  8250 | Temple   | Entered the Ecumenical Temple
  8263 | Temple   | 8263 ||| PLANNING D:1-11
  8300 | D:7      | 8300 ||| Stepping ~*~*~tactically~*~*~ (hiding).
  8307 | D:7      | 8307 ||| Stepping ~*~*~tactically~*~*~ (stealth).
  8311 | D:7      | 8311 ||| Stepping ~*~*~tactically~*~*~ (hiding).
  8533 | D:7      | 8533 ||| Stepping ~*~*~tactically~*~*~ (stealth).
  8534 | D:7      | 8534 ||| Stepping ~*~*~tactically~*~*~ (stealth).
  8542 | D:7      | HP: 12/48 [killer bee (1)]
  8543 | D:7      | 8543 ||| READING 4 scrolls of teleportation.
  8543 | D:7      | HP: 5/48 [poisoned by a killer bee]
  8543 | D:7      | HP: 2/48 [killer bee (1)]
  8544 | D:7      | Succumbed to a killer bee's poison

Levels and vault maps discovered:
D:1:      minmay_arrival_hallway, layout_loops_corners, minmay_curled_crystal,
          dreamdust_princess_corridor
D:2:      wad_lake_hut, layout_rooms, serial_rivers,
          chequers_serial_rivers_micro_a, chequers_serial_rivers_micro_c,
          chequers_serial_rivers_small_a, chequers_serial_rivers_micro_c,
          chequers_serial_rivers_large_b, serial_shops, shop,
          minmay_misc_feat_alley, minivault_25, corner_web_ring, uniq_robin,
          uniq_crazy_yiuf_cottage
D:3:      minmay_skewed_foursquare, layout_loops_ring,
          hellmonk_ecumenical_altar_lost_god, kennysheep_decorative_pillar,
          minmay_hedge_maze
D:4:      minmay_chambers_of_twos, layout_loops_ring, lemuel_round_altar,
          kennysheep_generic_room_5
D:5:      layout_layer_cave, lemuel_tele_altar, hangedman_feature_mirror,
          grunt_ministairs_9, minivault_11, minivault_19
D:6:      layout_basic, lemuel_round_altar, gup_sewer_entry_pipe
D:7:      layout_loops_cross, overflow_temple_1_default,
          minmay_temple_entry_statues_pillars, enter_bailey_3, minivault_26
Temple:   hellmonk_temple_two_chambers

Skill      XL: |  1  2  3  4  5  6  7  8 |
---------------+-------------------------+-----
Axes           | 3 4 5 6 7 8 10 | 10.2
Armour         | 2 3 5 |  5.0
Fighting       | 3 4 |  4.0
Throwing       | |  1.0
Dodging        | |  2.1
Spellcasting   | |  2.0
Translocations | |  2.4

Action                   |  1- 3 |  4- 6 |  7- 9 || total
-------------------------+-------+-------+-------++-------
Melee: Hand axe          |    68 |     2 |       ||    70
       Kick              |    13 |    24 |    39 ||    76
       Peck              |     7 |    18 |    25 ||    50
       Broad axe         |       |   151 |   168 ||   319
       Punch             |       |     2 |     1 ||     3
Throw: Boomerang         |     7 |    37 |    17 ||    61
  Use: Scroll            |     7 |     3 |     6 ||    16
       Potion            |       |     2 |     3 ||     5
Armor: Leather armour    |    30 |     7 |       ||    37
       Chain mail        |       |    88 |    30 ||   118
       Plate armour      |       |       |    77 ||    77
Dodge: Dodged            |    34 |    66 |    54 ||   154

Table legend:
 A = Non-vault XP
 B = Vault XP
 C = Vault XP percentage of total XP
 D = Non-vault monster count
 E = Vault monster count
 F = Vault count percentage of total count
                 A         B        C        D         E       F
            +---------+---------+-------+---------+---------+-------
      Total |    1761 |     515 |  22.6 |     116 |      41 |  26.1
            +---------+---------+-------+---------+---------+-------
        D:1 |      38 |       0 |   0.0 |      23 |       0 |   0.0
        D:2 |      70 |      31 |  30.7 |      18 |      11 |  37.9
        D:3 |      74 |      34 |  31.5 |      21 |       6 |  22.2
        D:4 |     353 |     161 |  31.3 |      26 |       9 |  25.7
        D:5 |     229 |     268 |  53.9 |       7 |       4 |  36.4
        D:6 |     827 |      14 |   1.7 |      17 |       7 |  29.2
        D:7 |     170 |       7 |   4.0 |       4 |       4 |  50.0
            +---------+---------+-------+---------+---------+-------
